 Dungeon Sprint DCSS version 0.20-a0-871-g785f14b (webtiles) character file.

2102 hittemvvvvhard the Blocker (level 9, -8/81 HPs)
             Began as a Formicid Fighter on Mar 14, 2017.
             Mangled by a flying skull (11 damage)
             ... in the Dungeon (Sprint II: "The Violet Keep of Menkaure").
             The game lasted 00:04:01 (1181 turns).

hittemvvvvhard the Blocker (Formicid Fighter)       Turns: 1181, Time: 00:04:02

Health: -8/81      AC:  9    Str: 21    XL:     9   Next: 53%
Magic:  9/9        EV: 10    Int:  8    God:
Gold:   972        SH: 13    Dex: 13    Spells: 8/8 levels left

rFire    . . .     SeeInvis +   a - +0 quarterstaff
rCold    . . .     Gourm    .   b - +0 scale mail
rNeg     . . .     Faith    .   c - +0 shield
rPois    .         Spirit   .   (helmet unavailable)
rElec    .         Reflect  .   (no cloak)
rCorr    .         Harm     .   (no gloves)
MR       .....                  (no boots)
Stlth    ..........             (no amulet)
Regen    0.3/turn               (no ring)
MPRegen  0.2/turn               (no ring)

@: no status effects
A: permanent stasis, dig shafts and tunnels, four strong arms, antennae 3,
blurry vision 1, subdued magic 1
a: Dig


You were in the Dungeon.
You were very hungry.

You visited 1 branch You collected 972 gold pieces.

Inventory:

Hand Weapons
 a - a +0 quarterstaff (weapon)
Armour
 b - a +0 scale mail (worn)
 c - a +0 shield (worn)
Potions
 e - a potion of curing
 i - 2 potions of magic
Comestibles
 f - a bread ration


   Skills:
 + Level 11.1 Fighting
 * Level 11.4 Staves
 + Level 11.5 Armour
 - Level 0.8 Dodging
 + Level 12.0 Shields


You had 8 spell levels left.
You didn't know any spells.

Dungeon Overview and Level Annotations

Branches:
Dungeon (1/1)

Altars:

Shops:
D !%}::[?=[(=

Annotations:
D Roxanne


Innate Abilities, Weirdness & Mutations

You cannot be hasted, slowed, berserked, paralysed or teleported.
You can dig through walls and to a lower floor.
Your four strong arms can wield two-handed weapons with a shield.
You have a pair of large antennae on your head. (SInv)
Scrolls take you a little longer to read.
Your spells are a little easier to cast, but a little less powerful.


Message History

* * * LOW HITPOINT WARNING * * *
Okay, then.
You thump the skeletal warrior!
The skeletal warrior is almost destroyed.
You closely miss the skeletal warrior.
The skeletal warrior is almost destroyed.
You block the skeletal warrior's attack.
You hit the skeletal warrior.
The skeletal warrior is almost destroyed.
You sock the skeletal warrior!
You destroy the skeletal warrior!
Your Fighting skill increases to level 11!
Your Staves skill increases to level 11!
Your Shields skill increases to level 12!
You hit the flying skull but do no damage.
You block the flying skull's attack.
You hit the flying skull.
The flying skull is lightly damaged.
The flying skull hits you!
You die...

#§z{z{ { ########≈≈#z'{#++
#######≈≈≈....{§.. {{
.....∩#≈≈≈{z #+##.. {
....∩.#≈≈≈z #.##.####{{
...∩.∩#zz≈ {##..#....# {
∩.∩.∩.#≈≈### #..####..##
.∩.∩..#≈##z###'###.##..# {
∩.∩...#≈#{#@##.##..##..#{
.⌠....+z'##.'?<.'##.+..#
......#≈##..##.##..##..§.#
▓▓▓▓###≈##.###'###.##.§....≈
s######≈≈####.).####§§.....≈
. { ##≈ #..#..# ≈≈≈≈≈..≈ +#
##...## ≈≈≈≈≈≈≈.≈ { ##+##
≈≈§≈≈≈≈§≈ ≈≈≈ ≈≈§≈≈≈≈≈≈≈


You could see a flying skull.

Vanquished Creatures
  A skeletal warrior (D)
  A merfolk siren (D)
  4 flying skulls (D)
  4 neqoxecs (D)
  4 worker ants (D)
  2 worms (D)
16 creatures vanquished.

Vanquished Creatures (others)
  A great orb of eyes (D)
  Menkaure (D)
  A crocodile (D)
3 creatures vanquished.

Grand Total: 19 creatures vanquished

Notes
Turn   | Place    | Note
-------+----------+-------------------------------------------
     0 | D        | hittemvvvvhard the Formicid Fighter began the quest for the Orb.
     0 | D        | Reached XP level 1. HP: 18/18 MP: 1/1
     2 | D        | Noticed a worker ant
     2 | D        | Noticed a worker ant
     2 | D        | Noticed a worker ant
     2 | D        | Noticed a worker ant
     5 | D        | Killed a worker ant
     5 | D        | Reached skill level 5 in Shields
     5 | D        | Reached XP level 2. HP: 17/26 MP: 2/2
     5 | D        | Reached XP level 3. HP: 21/31 MP: 3/3
     9 | D        | Reached skill level 5 in Fighting
     9 | D        | Reached skill level 5 in Armour
    11 | D        | Reached skill level 6 in Shields
    11 | D        | Reached XP level 4. HP: 21/39 MP: 4/4
    21 | D        | Killed a crocodile
   202 | D        | Noticed a merfolk siren
   221 | D        | Killed a merfolk siren
   221 | D        | Reached skill level 9 in Shields
   221 | D        | Reached XP level 5. HP: 24/51 MP: 5/5
   221 | D        | Reached XP level 6. HP: 27/57 MP: 6/6
   221 | D        | Reached XP level 7. HP: 30/63 MP: 7/7
   413 | D        | Noticed a neqoxec
   413 | D        | Noticed a neqoxec
   413 | D        | Noticed a neqoxec
   413 | D        | Noticed a neqoxec
   425 | D        | Gained mutation: Scrolls take you a little longer to read. [a neqoxec]
   434 | D        | Killed a neqoxec
   434 | D        | Reached skill level 10 in Shields
   443 | D        | Killed a neqoxec
   449 | D        | Gained mutation: Your spells are a little easier to cast, but a little less powerful. [a neqoxec]
   450 | D        | Killed a neqoxec
   450 | D        | Reached skill level 10 in Armour
   450 | D        | Reached XP level 8. HP: 16/72 MP: 8/8
   755 | D        | Noticed a flying skull
   755 | D        | Noticed a flying skull
   755 | D        | Noticed a flying skull
   755 | D        | Noticed a flying skull
   755 | D        | Noticed a flying skull
   756 | D        | Noticed a flying skull
   756 | D        | Noticed a flying skull
   756 | D        | Noticed a flying skull
   787 | D        | Killed a flying skull
   787 | D        | Reached skill level 10 in Fighting
   806 | D        | Killed a flying skull
   806 | D        | Reached skill level 11 in Shields
   847 | D        | Killed a great orb of eyes
  1014 | D        | Killed Menkaure
  1037 | D        | Noticed Roxanne
  1052 | D        | Found Dudghigu's Book Emporium.
  1052 | D        | Found Fioch's Magic Scroll Emporium.
  1052 | D        | Found Cesaf's Gadget Shoppe.
  1052 | D        | Found Fedim's Antique Armour Emporium.
  1052 | D        | Found Zaeps's Book Shoppe.
  1052 | D        | Found Buagaug's Jewellery Emporium.
  1052 | D        | Found Unixadix's Antique Armour Shoppe.
  1052 | D        | Found Jyumyqadgh's Jewellery Shoppe.
  1052 | D        | Found Cituwadgh's Weapon Shoppe.
  1053 | D        | Found Pigy's Food Shoppe.
  1053 | D        | Found Awikh's Distillery.
  1054 | D        | Noticed a flying skull
  1058 | D        | Noticed a flying skull
  1069 | D        | Killed a flying skull
  1069 | D        | Reached skill level 10 in Staves
  1069 | D        | Reached XP level 9. HP: 64/79 MP: 9/9
  1134 | D        | Noticed a skeletal warrior
  1175 | D        | HP: 2/79 [skeletal warrior/mace (24)]
  1179 | D        | Killed a skeletal warrior
  1179 | D        | Reached skill level 12 in Shields
  1181 | D        | Mangled by a flying skull

Vault maps used:
D:        the_violet_keep_of_menkaure

Skill      XL: |  1  2  3  4  5  6  7  8  9 |
---------------+----------------------------+-----
Fighting       | 4 5 8 9 10 11 | 11.1
Armour         | 4 5 8 10 11 | 11.5
Shields        | 5 6 9 10 11 12 | 12.0
Staves         | 3 6 8 10 11 | 11.4
Dodging        | |  0.8

Action                   |  1- 3 |  4- 6 |  7- 9 || total
-------------------------+-------+-------+-------++-------
Melee: Quarterstaff      |     8 |    19 |   131 ||   158
  Use: Potion            |     1 |       |     1 ||     2
Armor: Scale mail        |       |       |    19 ||    19
Dodge: Dodged            |     1 |     2 |    19 ||    22
Block: Shield            |     6 |     2 |    44 ||    52
